 Dungeon Crawl Stone Soup version 0.30.1 (webtiles) character file.

Game seed: 15453533149483934218

2465 Sanktem7 the Cleaver (level 9, -1/79 HPs)
             Began as a Minotaur Fighter on July 11, 2023.
             Hit by a javelin thrown by a centaur (10 damage)
             ... in a bailey.
             The game lasted 00:13:17 (5551 turns).

Sanktem7 the Cleaver (Minotaur Fighter)             Turns: 5551, Time: 00:13:18

Health: -1/79      AC: 18    Str: 26    XL:     9   Next: 26%
Magic:  8/8        EV:  8    Int:  5    God:
Gold:   414        SH:  5    Dex:  9    Spells: 8/8 levels left

rFire   . . .        a - +0 war axe {axe}
rCold   . . .        c - +0 buckler
rNeg    . . .        x - +8 chain mail {ponderous}
rPois   .            (helmet restricted)
rElec   .            (no cloak)
rCorr   .            (no gloves)
SInv    .            (no boots)
Will    .....        (no amulet) Stlth
                     (no ring)
HPRegen 0.33/turn    (no ring)
MPRegen 0.11/turn

%: no passive effects
@: flying, slow
A: horns 2, retaliatory headbutt
a: no special abilities


You were in a bailey.
You visited 2 branches of the dungeon, and saw 8 of its levels.
You also visited: Bailey.

You collected 414 gold pieces.


Innate Abilities, Weirdness & Mutations

You have a pair of horns on your head.
You reflexively headbutt those who attack you in melee.


   Skills:
 + Level 7.3 Fighting
 * Level 9.4 Axes
 * Level 3.6 Throwing
 + Level 7.3 Armour
 + Level 7.4 Shields


You had 8 spell levels left.
You didn't know any spells.
Your spell library contained the following spells:

 Spells                   Type           Power      Damage    Failure   Level
 Apportation              Tloc           0%         N/A       95%         1
 Necrotise                Necr           0%         1d4       95%         1
 Summon Small Mammal      Summ           0%         N/A       95%         1

Inventory:

Hand Weapons
 a - a +0 war axe (weapon) {axe}
 z - a +1 whip of flaming {mace}
   (You took it off Pikel on level 4 of the Dungeon)
 C - a +1 antimagic dagger {short}
   (You took it off an orc wizard on level 6 of the Dungeon)
Missiles
 f - 45 stones (quivered) {throwing}
 i - 19 poisoned darts {throwing}
 j - 5 javelins {throwing}
 l - 6 boomerangs of dispersal {=f!fthrowing}
 v - 12 boomerangs {throwing}
 y - 4 atropa-tipped darts {throwing}
 F - 2 throwing nets {=f!fthrowing}
Armour
 c - a +0 buckler (worn)
 t - a +0 chain mail
   (You found it on level 3 of the Dungeon)
 x - a +8 chain mail of ponderousness (worn)
   (You found it on level 4 of the Dungeon)
 D - the +1 robe "Faakh" {rN+ Str+4 Dex+2 SInv}
   (You found it on level 6 of the Dungeon)

   Str:       It affects your strength (+4).
   Dex:       It affects your dexterity (+2).
   rN:        It protects you from negative energy.
   SInv:      It lets you see invisible.
Wands
 u - a wand of flame (21)
   (You found it on level 6 of the Dungeon)
 E - a wand of light (8)
   (You found it on level 6 of the Dungeon)
Scrolls
 b - 2 scrolls of noise {unknown}
 e - 3 scrolls of teleportation {unknown}
 h - 5 scrolls of identify {unknown}
 k - 2 scrolls of immolation {unknown}
 m - a scroll of vulnerability {unknown}
 n - a scroll of blinking {unknown}
 q - a scroll of poison {unknown}
 r - a scroll of brand weapon {unknown}
 w - a scroll of silence {unknown}
Potions
 d - a potion of might
 g - 2 potions of mutation {unknown}
 o - a potion of curing {unknown}
 p - a potion of cancellation {unknown}
 s - 2 potions of flight
 A - a potion of resistance {unknown}
 B - 3 potions of heal wounds {unknown}
 G - a potion of lignification {unknown}

Dungeon Overview and Level Annotations

Branches:
Dungeon (7/15) Zot: 26802  Temple (1/1) D:7 Zot: 5855  Bailey (1/1) Zot: 5941

Altars:
Dithmenos
Elyvilon
Fedhas
Gozag
Kikubaaqudgha
Makhleb
Nemelex Xobeh
Qazlal
Ru
Trog
Uskayaw
Xom
Yredelemnul
Zin
The Shining One

Shops:
D:5 (

Annotations:
D:4 Gadrel's ghost, weakling DgDe

.≈.≈≈.....≈≈)≈.##
≈≈.≈.≈≈≈≈≈.≈)≈≈.#
≈.≈≈.≈...≈)≈≈)≈.#
≈.≈.≈≈...≈≈.≈.≈.#
≈.≈.≈.⌠∩⌠.≈.≈.≈.#
≈.≈.≈..∩..≈.≈.≈.#
≈.≈.≈.⌠∩⌠.≈.≈.≈c#
≈.≈.≈≈...≈≈.≈.≈)#
≈.≈≈.≈...≈.≈≈.@)#
≈≈.≈.≈≈.≈≈)≈.≈≈.#
.≈.≈≈.≈.≈.≈≈.≈..+
....≈≈...≈≈.....#
.....≈≈≈≈≈......#
≈≈≈.........≈≈≈≈#
##≈≈⌠$...$⌠≈≈####
##≈≈≈$.$≈≈≈##
##≈≈≈≈≈≈≈##


You could see a centaur.


Message History

You block the orc's attack. The orc barely misses you. x3
Things that are here:
a +0 trident {polearm}; a +0 chain mail; an orc corpse Why would you want to do that?
You barely miss the orc. The orc hits you but does no damage.
The orc closely misses you. The orc hits you but does no damage.
You block the orc's attack.
You barely miss the orc. You headbutt the orc.
The centaur throws a javelin.
The javelin barely misses you.
The javelin barely misses the orc.
The javelin closely misses the orc.
The centaur throws a javelin.
The javelin pierces through you.
The javelin pierces through the orc.
The javelin pierces through the orc!
The orc dies!
You block the orc's attack.
The orc hits you from afar with a +0 trident.
You block the orc's attack.
The orc hits you from afar with a +0 spear. 😮 HP[-10]
You take 10 damage, and now have 53/79 hp.
You hit the orc. Your headbutt misses the orc. You block the orc's attack.
The orc hits you but does no damage. x2
You slash the orc!
You kill the orc!
The centaur throws a javelin.
The javelin pierces through you!
The javelin pierces through the centaur!
The orc barely misses you. x2; The orc closely misses you. 😮 HP[-9]
You take 9 damage, and now have 44/79 hp.
The centaur hits you but does no damage.
The centaur hits you from afar with a +0 halberd!
* * * LOW HITPOINT WARNING * * *
You block the orc's attack.
The centaur throws a javelin.
The javelin pierces through you but does no damage.
The javelin pierces through the orc!
The orc dies!
The javelin pierces through the centaur!
The centaur dies!
The javelin pierces through the orc.
Things that are here:
a +0 spear {polearm}; a +0 ring mail; 😨 HP[-12]
You take 12 damage, and now have 32/79 hp.
The centaur throws a javelin.
The javelin pierces through you but does no damage.
The javelin barely misses the orc.
The orc hits you from afar with a +0 trident.
* * * LOW HITPOINT WARNING * * *
Things that are here:
a +0 spear {polearm}; a +0 ring mail; 😨 HP[-5]
You take 5 damage, and now have 27/79 hp.
Why would you want to do that? Why would you want to do that?
The orc hits you but does no damage.
Items here: ( )) [[ ††. 😨 HP[+1]
You slash the orc!
You kill the orc!
The orc hits you but does no damage.
The centaur throws a javelin.
The javelin pierces through you.
* * * LOW HITPOINT WARNING * * *
😨 HP[-2]
You take 2 damage, and now have 26/79 hp.
The centaur throws a javelin.
The javelin pierces through you!
* * * LOW HITPOINT WARNING * * *
Things that are here:
a +0 trident {polearm}; a +0 ring mail; an orc corpse 😱 HP[-8]
You take 8 damage, and now have 18/79 hp.
Why would you want to do that?
The centaur throws a javelin.
The javelin pierces through you.
* * * LOW HITPOINT WARNING * * *
The centaur throws a javelin.
The javelin barely misses you. You block the orc's attack. 😱 HP[-1]
You take 1 damage, and now have 17/79 hp.
The centaur throws a javelin.
The javelin barely misses you. 😱 HP[+1] 😱 HP[+1]
The centaur throws a javelin.
The javelin pierces through you.
* * * LOW HITPOINT WARNING * * *
😱 HP[-2]
You take 2 damage, and now have 17/79 hp.
It was a potion of flight.
You feel very buoyant.
You fly up into the air.
The orc hits you but does no damage. The orc barely misses you. 😱 HP[+1]
The centaur throws a javelin.
The javelin pierces through you.
* * * LOW HITPOINT WARNING * * *
The orc hits you but does no damage. The orc hits you with a +0 trident.
* * * LOW HITPOINT WARNING * * *
The centaur barely misses you. 😱 HP[-9]
You take 9 damage, and now have 9/79 hp.
You slash the orc!
You kill the orc!
You hit the orc. The orc barely misses you. You furiously retaliate!
You headbutt the orc!
You kill the orc!
The centaur throws a javelin.
The javelin pierces through you!
You die...

Skill      XL: |  1  2  3  4  5  6  7  8  9 |
---------------+----------------------------+-----
Axes           | 3 4 5 6 7 8 9 |  9.4
Armour         | 4 5 6 7 |  7.3
Shields        | 4 5 6 7 |  7.4
Fighting       | 4 5 6 7 |  7.3
Throwing       | 2 3 |  3.6

Action                     |  1- 3 |  4- 6 |  7- 9 || total
---------------------------+-------+-------+-------++-------
  Melee: War axe           |    84 |   108 |   232 ||   424
         Headbutt          |     6 |    19 |    47 ||    72
    Use: Potion            |       |       |     1 ||     1
 Armour: Scale mail        |    41 |    15 |       ||    56
         Chain mail        |       |    52 |   190 ||   242
  Dodge: Dodged            |    33 |    52 |   119 ||   204
  Block: Buckler           |    12 |    30 |    67 ||   109

Levels and vault maps discovered:
D:1:      roderic_crop_circles_arrival_small, layout_rooms
D:2:      layout_loops_ring, minmay_worlds_worst_comb
D:3:      minmay_skewed_foursquare, layout_loops_ring, uniq_terence
D:4:      layout_loops_ring, gammafunk_ghost_smash, uniq_pikel
D:5:      layout_basic, amcnicky_altar_gilded, serial_shops,
          nicolae_shop_window_shopping, nicolae_elevator_lobby_asterisk,
          uniq_sigmund
D:6:      layout_layer_cave, fedhas_altar_decomposition
D:7:      layout_rooms, mainiacjoe_overflow_six_doors_small,
          mainiacjoe_overflow_alcove_4, minmay_temple_entry_arrows,
          enter_bailey_4
Temple:   nicolae_temple_godzebo
Bailey:   bailey_polearm_flooded_kennysheep, bailey

Notes
Turn   | Place    | Note
-------+----------+-------------------------------------------
     0 | D:1      | Sanktem7 the Minotaur Fighter began the quest for the Orb.
     0 | D:1      | Reached XP level 1. HP: 19/19 MP: 0/0
     0 | D:1      | magus.rc [v1.9.6]
    59 | D:1      | Reached XP level 2. HP: 22/27 MP: 1/1
    67 | D:1      | Reached skill level 3 in Axes
   459 | D:1      | Reached skill level 4 in Armour
   459 | D:1      | Reached skill level 4 in Shields
   459 | D:1      | Reached XP level 3. HP: 33/33 MP: 2/2
   518 | D:1      | Reached skill level 4 in Fighting
  1013 | D:2      | Reached XP level 4. HP: 40/40 MP: 3/3
  1163 | D:2      | You pick up a book of Cantrips and begin reading...
  1163 | D:2      | You add the spells Necrotise, Summon Small Mammal and
                  | Apportation to your library.
  1509 | D:3      | Noticed a kobold brigand
  1517 | D:3      | Killed a kobold brigand
  1518 | D:3      | Reached skill level 4 in Axes
  1518 | D:3      | Reached XP level 5. HP: 36/47 MP: 4/4
  1655 | D:3      | Noticed Terence
  1662 | D:3      | Killed Terence
  2259 | D:4      | Noticed Gadrel's ghost (weakling DgDe)
  2259 | D:4      | Noticed an ogre
  2261 | D:4      | Noticed an ogre
  2265 | D:4      | Noticed an ogre
  2268 | D:4      | Reached skill level 5 in Axes
  2271 | D:4      | HP: 6/47 [something/puff of flame (12)]
  2433 | D:4      | Reached XP level 6. HP: 55/55 MP: 5/5
  2433 | D:4      | Found a transporter.
  2575 | D:4      | Reached skill level 5 in Fighting
  2575 | D:4      | Reached skill level 5 in Armour
  2575 | D:4      | Reached skill level 5 in Shields
  2940 | D:4      | Noticed Pikel
  2955 | D:4      | Killed Pikel
  2956 | D:4      | Reached skill level 6 in Axes
  2956 | D:4      | Reached XP level 7. HP: 25/62 MP: 6/6
  3157 | D:4      | Found a transporter.
  3161 | D:4      | HP: 15/62 [ogre/+0 giant club (6)]
  3166 | D:4      | HP: 13/62 [ogre/+0 giant club (3)]
  3349 | D:5      | Entered Level 5 of the Dungeon
  3383 | D:5      | Reached skill level 6 in Fighting
  3383 | D:5      | Reached skill level 7 in Axes
  3383 | D:5      | Reached skill level 6 in Armour
  3383 | D:5      | Reached skill level 6 in Shields
  3528 | D:5      | Found Hoamiass's Antique Weapon Emporium.
  3669 | D:5      | Reached XP level 8. HP: 70/70 MP: 7/7
  3702 | D:5      | Found a shimmering altar of Xom.
  3704 | D:5      | Noticed Sigmund
  3727 | D:5      | Killed Sigmund
  3831 | D:5      | Reached skill level 8 in Axes
  4109 | D:6      | Reached skill level 1 in Throwing
  4114 | D:6      | Reached skill level 2 in Throwing
  4290 | D:6      | Reached skill level 7 in Shields
  4345 | D:6      | Reached skill level 7 in Armour
  4387 | D:6      | Reached skill level 7 in Fighting
  4542 | D:6      | Reached XP level 9. HP: 69/79 MP: 8/8
  4764 | D:6      | Identified the +1 robe "Faakh" {rN+ Str+4 Dex+2 SInv}
  4974 | D:6      | Found a blossoming altar of Fedhas.
  5098 | D:6      | Reached skill level 9 in Axes
  5098 | D:6      | Reached skill level 3 in Throwing
  5246 | D:7      | Found a white marble altar of Elyvilon.
  5284 | D:7      | Found a staircase to the Ecumenical Temple.
  5293 | Temple   | Entered the Ecumenical Temple
  5482 | D:7      | Found a flagged portal.
  5498 | Bailey   | Entered a bailey
  5540 | Bailey   | HP: 18/79 [centaur/javelin (8)]
  5547 | Bailey   | HP: 17/79 [centaur/javelin (2)]
  5551 | Bailey   | Hit by a javelin thrown by a centaur

Vanquished Creatures
  Pikel (D:4)
  Sigmund (D:5)
  An ice beast (D:7)
  2 black bears (D:6)
  An ogre (D:6)
  2 phantoms
  A centaur (D:5)
  A lemure (D:4)
  A kobold brigand (D:3)
  4 necrophages (D:6)
  3 scorpions
  A howler monkey (D:6)
  A centaur zombie (D:6)
  2 hounds (D:5)
  A bullfrog zombie (D:6)
  3 jellies
  An orc priest (D:6)
  2 sleepcaps (D:6)
  Terence (D:3)
  4 iguanas
  4 orc wizards
  4 gnolls
  8 adders
  A shadow imp (D:6)
  A white imp (D:7)
  An ufetubus (D:6)
  3 dart slugs
  23 orcs
  2 bats (D:1)
  12 endoplasms
  6 giant cockroaches
  12 goblins
  8 hobgoblins
  3 jackals (D:5)
  4 kobolds
  6 quokkas
  2 ball pythons (D:2)
  3 frilled lizards
  7 rats
144 creatures vanquished.

Vanquished Creatures (others)
  A centaur (Bailey)
  2 orcs (Bailey)
3 creatures vanquished.

Grand Total: 147 creatures vanquished

Table legend:
 A = Non-vault XP
 B = Vault XP
 C = Vault XP percentage of total XP
 D = Non-vault monster count
 E = Vault monster count
 F = Vault count percentage of total count
                 A         B        C        D         E       F
            +---------+---------+-------+---------+---------+-------
      Total |    2107 |    1421 |  40.3 |     115 |      28 |  19.6
            +---------+---------+-------+---------+---------+-------
        D:1 |      45 |       0 |   0.0 |      24 |       0 |   0.0
        D:2 |      64 |       4 |   5.9 |      16 |       2 |  11.1
        D:3 |      38 |     144 |  79.1 |      15 |       4 |  21.1
        D:4 |     197 |     586 |  74.8 |      13 |       1 |   7.1
        D:5 |     665 |     214 |  24.3 |      18 |       1 |   5.3
        D:6 |     911 |     438 |  32.5 |      24 |       6 |  20.0
        D:7 |     187 |       9 |   4.6 |       5 |       5 |  50.0
     Bailey |       0 |      26 | 100.0 |       0 |       9 | 100.0
            +---------+---------+-------+---------+---------+-------

Skill      XL: |  1  2  3  4  5  6  7  8  9 |
---------------+----------------------------+-----
Axes           | 3 4 5 6 7 8 9 |  9.4
Armour         | 4 5 6 7 |  7.3
Shields        | 4 5 6 7 |  7.4
Fighting       | 4 5 6 7 |  7.3
Throwing       | 2 3 |  3.6

Action                     |  1- 3 |  4- 6 |  7- 9 || total
---------------------------+-------+-------+-------++-------
  Melee: War axe           |    84 |   108 |   232 ||   424
         Headbutt          |     6 |    19 |    47 ||    72
    Use: Potion            |       |       |     1 ||     1
 Armour: Scale mail        |    41 |    15 |       ||    56
         Chain mail        |       |    52 |   190 ||   242
  Dodge: Dodged            |    33 |    52 |   119 ||   204
  Block: Buckler           |    12 |    30 |    67 ||   109

Illustrated notes

Table legend:
 A = Kills in this place as a percentage of kills in the entire game.
 B = Kills by you in this place as a percentage of kills by you in the entire game.
 C = Kills by friends in this place as a percentage of kills by friends in the entire game.
 D = Other kills in this place as a percentage of other kills in the entire game.
 E = Experience gained in this place as a percentage of experience gained in the entire game.
 F = Experience gained in this place divided by the number of levels of this place that you have seen.
                   A       B       C       D       E      F
               +-------+-------+-------+-------+-------+----------------------
         Total | 100.0 | 100.0 |   N/A |   N/A | 100.0 | 392.0
       Dungeon |  93.7 |  93.7 |   N/A |   N/A |  99.3 | 500.3
        Bailey |   6.3 |   6.3 |   N/A |   N/A |   0.7 |  26.0
               +-------+-------+-------+-------+-------+----------------------

Table legend: (Time is in decaauts)
 A = Elapsed time spent in this place.
 B = Non-inter-level travel time spent in this place.
 C = Inter-level travel time spent in this place.
 D = Time resting spent in this place.
 E = Time spent auto-exploring this place.
 F = Levels seen in this place.
 G = Mean time per level.
                   A        B        C        D        E       F      G
               +--------+--------+--------+--------+--------+-----+--------+
         Total |   5818 |   5643 |    175 |    147 |   4316 |   9 |  646.4 |
       Dungeon |   5615 |   5440 |    175 |    147 |   4218 |   7 |  802.1 |
        Temple |    144 |    144 |      0 |      0 |     97 |   1 |  144.0 |
        Bailey |     57 |     57 |      0 |      0 |      0 |   1 |   57.0 |
               +--------+--------+--------+--------+--------+-----+--------+

Top non-repeatable levels by time:
     D:6: 1173 daAuts
     D:3: 1152 daAuts
     D:4: 979 daAuts
     D:5: 808 daAuts
     D:2: 684 daAuts
     D:1: 619 daAuts
     D:7: 197 daAuts
  Temple: 144 daAuts
  Bailey: 57 daAuts
